 Dungeon Crawl Stone Soup version 0.31-a0-1308-ga3cce3a448 (webtiles) character file.

Game seed: 12253392737758126447

413 bmb222 the Sneak (level 6, -3/49 HPs)
             Began as a Demonspawn Delver on Dec 19, 2023.
             Slain by Duvessa
             ... wielding a +0 rapier
              (11 damage)
             ... on level 4 of the Dungeon.
             The game lasted 00:04:21 (3089 turns).

bmb222 the Sneak (Demonspawn Delver)                Turns: 3089, Time: 00:04:21

Health: -3/49      AC:  5    Str: 16    XL:     6   Next: 59%
Magic:  0/6        EV: 13    Int: 11    God:
Gold:   250        SH:  4    Dex: 16    Spells: 5/5 levels left

rFire   + . .        A - +2 dagger (flame)
rCold   + . .        (no shield)
rNeg    . . .        D - +1 robe of the Dice {rF+}
rPois   .            z - +1 helmet
rElec   .            r - scarf "Qeyd Agi" {+Inv, Str+4}
rCorr   .            (gloves unavailable)
SInv    .            (no boots)
Will    .....        q - amulet of guardian spirit
Stlth   +++          u - ring of protection from cold
HPRegen 0.28/turn    (no ring)
MPRegen 0.10/turn

%: guardian spirit
@: hasted, very quick
A: large bone plates 1, demonic guardian 1, demonic touch 3
a: Evoke Invisibility


You were on level 4 of the Dungeon.
You visited 1 branch of the dungeon, and saw 5 of its levels.

You collected 250 gold pieces.

Inventory:

Hand Weapons
 a - a +0 short sword
 i - a +0 rapier
 A - a +2 dagger of flaming (weapon)
Missiles
 j - 6 darts of dispersal
Armour
 b - a +0 leather armour
 h - a +0 pair of gloves
 r - the scarf "Qeyd Agi" (worn) {+Inv, Str+4}
   (You found it on level 2 of the Dungeon)

   Str+4:     It affects your strength (+4).
 s - a +0 leather armour of cold resistance
 z - a +1 helmet (worn)
 D - the +1 robe of the Dice (worn) {rF+}
   (You found it on level 4 of the Dungeon)

   rF+:       It protects you from fire.
Jewellery
 q - an amulet of guardian spirit (around neck)
 u - a ring of protection from cold (left hand)
Talismans
 t - a blade talisman
Wands
 g - a wand of digging (3)
 y - a wand of polymorph (10)
Scrolls
 c - 2 scrolls of fog
 d - 2 scrolls of revelation
 e - a scroll of fear
 l - a scroll of blinking {unknown}
 n - a scroll of enchant armour {unknown}
 o - a scroll of amnesia {unknown}
 p - a scroll of poison {unknown}
 x - 3 scrolls of identify {unknown}
 B - 2 scrolls of teleportation {unknown}
Potions
 f - a potion of haste
 k - a potion of brilliance {unknown}
 m - 3 potions of cancellation {unknown}
 v - 3 potions of enlightenment {unknown}
 w - a potion of heal wounds {unknown}
 C - 3 potions of curing {unknown}


   Skills:
 + Level 4.4 Fighting
 + Level 3.3 Short Blades
 + Level 1.1 Armour
 + Level 3.3 Dodging
 * Level 5.7 Stealth


You had 5 spell levels left.
You didn't know any spells.
Your spell library contained the following spells:

 Spells                   Type           Power      Damage    Failure   Level
 Lesser Beckoning         Tloc           0%         N/A       47%         2
 Gell's Gravitas          Tloc           0%         N/A       71%         3
 Stone Arrow              Conj/Erth      0%         3d7       71%         3
 Teleport Other           Tloc           0%         N/A       71%         3
 Animate Armour           Summ/Erth      0%         N/A       98%         4
 Lehudib's Crystal Spear  Conj/Erth      0%         10d2      100%        8


Dungeon Overview and Level Annotations

Branches:
Dungeon (5/15)             Temple (0/1) D:5

Altars:
Ashenzari
Qazlal
Sif Muna

Shops:
D:4 (   D:5 ?

Annotations:
D:4 Duvessa


Innate Abilities, Weirdness & Mutations

You are partially covered in large bone plates. (SH +4)
A weak demonic guardian rushes to your aid.
Your touch may irresistibly damage your foes and sap their willpower.


Message History

Duvessa shouts!
Duvessa goes berserk!
Things that are here:
a +0 dagger; a +0 robe; a wand of flame (18) Duvessa rages.
You hit Duvessa but do no damage.
You touch Duvessa!
You sap her willpower!
Duvessa is moderately wounded.
Duvessa hits you with a +0 rapier.
You barely miss Duvessa.
Duvessa is moderately wounded.
Duvessa hits you with a +0 rapier.
You barely miss Duvessa.
Duvessa is moderately wounded.
Duvessa closely misses you.
You completely miss Duvessa.
You touch Duvessa!
You sap her willpower!
Duvessa is severely wounded.
Duvessa hits you with a +0 rapier! Duvessa closely misses you.
Unknown command.
You closely miss Duvessa.
Duvessa is severely wounded.
Duvessa hits you with a +0 rapier!
* * * LOW HITPOINT WARNING * * *
You feel yourself speed up. Duvessa barely misses you.
Duvessa closely misses you.
Duvessa rages.
Duvessa rages.
Duvessa attacks as she pursues you! You block Duvessa's attack.
You hit Duvessa. You burn Duvessa.
Duvessa is severely wounded.
You barely miss Duvessa.
Duvessa is severely wounded.
Duvessa hits you with a +0 rapier.
* * * LOW HITPOINT WARNING * * *
You barely miss Duvessa.
Duvessa is severely wounded.
Duvessa hits you with a +0 rapier!
* * * LOW HITPOINT WARNING * * *
A demonic guardian appears!
Duvessa attacks as she pursues you! Duvessa hits you with a +0 rapier!
You die...

########## #........#
### ###.######.#####
####### ..#
##.#.###5.......#
#......
#>######....##..@#.###.#
#.#####
#...............e..# #.#
#.# ##.
########....##...#.# #.#
#.# #..
##.#........###.##
#.###.. ##
#.####...##.....#
#...... .# #.#
##...####..# #####.# .#
#'# ##...##...# #... .#
... ##..)###.# #.## .#
.. ##...##.# #.#


You could see Duvessa (berserk, weak-willed, ally target) and a friendly quasit
(summoned).

Vanquished Creatures
  A scorpion (D:4)
  Dowan (D:4)
  A jelly (D:4)
  A gnoll bouda (D:4)
  Robin (D:2)
  7 adders
  4 gnolls (D:4)
  2 worms
  4 dart slugs
  5 orcs
  10 ball pythons
  7 endoplasms
  2 giant cockroaches
  9 goblins
  9 hobgoblins
  5 kobolds
  3 quokkas
  8 bats
  4 frilled lizards
  7 rats
91 creatures vanquished.

Vanquished Creatures (collateral kills)
  An orc priest (D:4)
  5 goblins (D:2)
  A hobgoblin (D:2)
7 creatures vanquished.

Grand Total: 98 creatures vanquished

Notes
Turn   | Place    | Note
-------+----------+-------------------------------------------
     0 | D:5      | bmb222 the Demonspawn Delver began the quest for the Orb.
     0 | D:5      | Reached XP level 1. HP: 18/18 MP: 1/1
    11 | D:5      | Found Gaevuph's Antique Armour Boutique.
    46 | D:5      | Noticed a sleepcap
    84 | D:5      | Found Ruabb's Magic Scroll Boutique.
   103 | D:5      | Gained mutation: Your touch may inflict minor irresistible
                  | damage on your foes. [demonic ancestry]
   103 | D:5      | Reached XP level 2. HP: 13/24 MP: 2/2
   167 | D:5      | Found a staircase to the Ecumenical Temple.
   329 | D:2      | Found a stormy altar of Qazlal.
   385 | D:2      | Gained mutation: A weak demonic guardian rushes to your
                  | aid. [demonic ancestry]
   385 | D:2      | Reached XP level 3. HP: 29/29 MP: 3/3
   583 | D:2      | Identified the scarf "Qeyd Agi" {+Inv, Str+4}
  1396 | D:2      | Gained mutation: Your touch may inflict irresistible damage
                  | on your foes. [demonic ancestry]
  1396 | D:2      | Reached XP level 4. HP: 35/35 MP: 4/4
  1516 | D:2      | Noticed Robin
  1542 | D:2      | Killed Robin
  1543 | D:2      | Reached skill level 5 in Stealth
  1706 | D:3      | Identified the +2 leather armour "Quobeki" {rN+ Will-
                  | Str+4}
  1984 | D:3      | Gained mutation: You are partially covered in large bone
                  | plates. (SH +4) [demonic ancestry]
  1984 | D:3      | Reached XP level 5. HP: 42/42 MP: 5/5
  2447 | D:4      | Found a broken altar of Ashenzari.
  2693 | D:4      | Gained mutation: Your touch may irresistibly damage your
                  | foes and sap their willpower. [demonic ancestry]
  2693 | D:4      | Reached XP level 6. HP: 22/49 MP: 3/6
  2879 | D:4      | Found Qupuov's Antique Weapon Boutique.
  2903 | D:4      | Identified the +1 robe of the Dice {rF+}
  3044 | D:4      | Noticed Dowan
  3046 | D:4      | Reached skill level 1 in Armour
  3046 | D:4      | Found a shimmering blue altar of Sif Muna.
  3051 | D:4      | Killed Dowan
  3073 | D:4      | Noticed Duvessa
  3089 | D:4      | Slain by Duvessa

Illustrated notes

Levels and vault maps discovered:
D:1:      saegor_arrival_miasma, layout_loops_ring, nicolae_titane
D:2:      layout_rooms, basic_altar, uniq_robin
D:3:      layout_loops_cross
D:4:      layout_loops_corners, nzn_overflow_gifts_of_might_and_magic,
          cheibrodos_ashenzari_chains, serial_shops, shop
D:5:      layout_loops_ring, minmay_temple_entry_stoned_glass, serial_shops,
          nicolae_shop_temple_entry_statues_fountains, shop, uniq_duvessa,
          uniq_grinder

Skill      XL: |  1  2  3  4  5  6 |
---------------+-------------------+-----
Short Blades   | 2 3 |  3.3
Dodging        | 2 3 |  3.3
Stealth        | 5 |  5.7
Fighting       | 4 |  4.4
Armour         | 1 |  1.1

Action                     |  1- 3 |  4- 6 || total
---------------------------+-------+-------++-------
  Melee: Rapier            |    89 |    37 ||   126
         Touch             |    11 |    23 ||    34
         Dagger            |       |    82 ||    82
    Use: Potion            |       |     1 ||     1
   Stab: Sleeping          |     5 |    11 ||    16
         Distracted        |       |     1 ||     1
 Armour: Leather armour    |    45 |    53 ||    98
         Robe              |       |    11 ||    11
  Dodge: Dodged            |    78 |    75 ||   153
  Block: Other             |       |     5 ||     5

Table legend: (Time is in decaauts)
 A = Elapsed time spent in this place.
 B = Non-inter-level travel time spent in this place.
 C = Inter-level travel time spent in this place.
 D = Time resting spent in this place.
 E = Time spent auto-exploring this place.
 F = Levels seen in this place.
 G = Mean time per level.
                   A        B        C        D        E       F      G
               +--------+--------+--------+--------+--------+-----+--------+
         Total |   3084 |   2942 |    142 |     69 |   2077 |   5 |  616.8 |
       Dungeon |   3084 |   2942 |    142 |     69 |   2077 |   5 |  616.8 |
               +--------+--------+--------+--------+--------+-----+--------+

Top non-repeatable levels by time:
     D:4: 763 daAuts
     D:1: 752 daAuts
     D:3: 738 daAuts
     D:2: 581 daAuts
     D:5: 247 daAuts
